 Dungeon Crawl Stone Soup version 0.30-a0-930-gb9d0489357 (webtiles) character file.

Game seed: 6103618994534995925

177648 oldriver the Scorcher (level 17, -18/148 HPs)
             Began as a Pale Draconian Ice Elementalist on Mar 21, 2023.
             Was a Priest of Ignis.
             Demolished by a rockslime (26 damage)
             ... on level 1 of the Pits of Slime on Mar 23, 2023.
             The game lasted 01:43:48 (47081 turns).

oldriver the Scorcher (DrIE)                       Turns: 47081, Time: 01:43:48

Health: -18/148    AC: 16    Str: 11    XL:     17   Next: 55%
Magic:  10/36      EV: 16    Int: 24    God:    Ignis [***...]
Gold:   143        SH:  0    Dex: 15    Spells: 6/46 levels left

rFire   + + .      SeeInvis +    S - staff of poison "Yffo Ferph" {rPois Will+ rCorr Int+2 Stlth-}
rCold   . . .      Faith    .    s - +2 buckler
rNeg    + . .      Spirit   .    (body armour unavailable)
rPois   +          Reflect  .    j - +2 hat
rElec   .          Rampage  .    f - scarf {rC+ rF+}
rCorr   +                        E - +2 pair of gloves
Will    ++...                    n - +1 pair of boots "Siyw" {Fly SInv} Stlth
                                 H - amulet of magic regeneration
HPRegen 0.44/turn                W - ring of Xom's Whimsicality {Wiz rF- rN+ Dex+4}
MPRegen 0.65/turn                R - ring of fire

@: confused, ambrosia-drunk, flying, very slightly contaminated
A: breathe steam, AC +9, unfitting armour, cold-blooded, steam resistance, weak
1
a: Breathe Steam, Renounce Religion, Fiery Armour, Foxfire Swarm


You were on level 1 of the Pits of Slime.
You worshipped Ignis.
Ignis was most pleased with you.
You visited 8 branches of the dungeon, and saw 30 of its levels.
You visited the Abyss 1 time.
You also visited: Ossuary, Bailey, Gauntlet and Ice Cave.

You collected 2702 gold pieces.
You spent 2559 gold pieces at shops.

Inventory:

Hand Weapons
 l - the +6 sling of Vengeance {freeze, Fly rElec rF- Int-2}
   (You bought it in a shop on level 2 of the Snake Pit)

   Int:       It affects your intelligence (-2).
   rF:        It makes you vulnerable to fire.
   rElec:     It insulates you from electricity.
   Fly:       It grants you flight.
Missiles
 o - a throwing net
 w - 3 curare-tipped darts
 M - 11 javelins
Armour
 f - a scarf of resistance (worn)
 j - a +2 hat (worn)
 n - the +1 pair of boots "Siyw" (worn) {Fly SInv}
   (You acquired it in a bailey)

   SInv:      It lets you see invisible.
   Fly:       It grants you flight.
 s - a +2 buckler (worn)
 E - a +2 pair of gloves (worn)
Magical Staves
 S - the staff of poison "Yffo Ferph" (weapon) {rPois Will+ rCorr Int+2 Stlth-}
   (You took it off a deep elf archer on level 1 of the Elven Halls)

   [staff of poison]

   Base accuracy: +5 Base damage: 5 Base attack delay: 1.2 This weapon's minimum
   attack delay (0.6) is reached at skill level 12.
   Int:       It affects your intelligence (+2).
   rPois:     It protects you from poison.
   rCorr:     It protects you from acid and corrosion.
   Will:      It increases your willpower.
   Stlth:     It makes you less stealthy.
   It falls into the 'Staves' category.
   It is a one-handed weapon.
Jewellery
 q - a ring of see invisible
 A - a ring of protection from cold
 G - an amulet of regeneration
 H - an amulet of magic regeneration (around neck)
 R - a ring of fire (right hand)
 W - the ring of Xom's Whimsicality (left hand) {Wiz rF- rN+ Dex+4}
   (You acquired it on level 2 of the Orcish Mines)

   [ring of wizardry]

   It improves your spell success rate.
   Dex:       It affects your dexterity (+4).
   rF:        It makes you vulnerable to fire.
   rN:        It protects you from negative energy.
Wands
 g - a wand of polymorph (4)
 v - a wand of paralysis (4)
 D - a wand of flame (22)
 L - a wand of acid (6)
 Q - a wand of roots (12)
Scrolls
 b - 2 scrolls of torment
 c - 3 scrolls of magic mapping
 d - 3 scrolls of silence
 e - 5 scrolls of fog
 i - 9 scrolls of poison
 p - 4 scrolls of enchant armour
 x - a scroll of butterflies
 y - 19 scrolls of identify
 I - a scroll of immolation
 J - 4 scrolls of teleportation
 T - 2 scrolls of enchant weapon
Potions
 a - a potion of magic
 h - 3 potions of berserk rage
 k - 4 potions of cancellation
 m - 7 potions of mutation
 r - 6 potions of haste
 t - 3 potions of flight
 u - 5 potions of might
 z - a potion of resistance
 B - a potion of invisibility
 C - 4 potions of attraction
 N - 5 potions of curing
 U - 4 potions of lignification
 Y - a potion of ambrosia
Miscellaneous
 F - a condenser vane
 P - a phial of floods


   Skills:
 + Level 12.7 Fighting
 - Level 2.0 Ranged Weapons
 - Level 10.0 Dodging
 - Level 4.0 Stealth
 + Level 2.5 Shields
 - Level 15.0 Spellcasting
 + Level 7.3 Conjurations
 - Level 4.0 Summonings
 + Level 3.4 Transmutations
 - Level 18.0 Fire Magic
 - Level 6.0 Ice Magic
 - Level 14.0 Air Magic
 - Level 4.0 Evocations


You had 6 spell levels left.
You knew the following spells:

 Your Spells              Type           Power      Damage    Failure   Level
a - Airstrike             Air            35%        2d(6-22)  1%          4
b - Frozen Ramparts       Ice            92%        1d14      1%          3
c - Ozocubu's Armour      Ice            46%        N/A       1%          3
d - Irradiate             Conj/Tmut      21%        3d18      5%          5
e - Freeze                Ice            100%       1d10      1%          1
f - Fireball              Conj/Fire      43%        3d17      1%          5
i - Ignition              Fire           51%        3d14      7%          8
l - Summon Lightning Spi  Summ/Air       57%        N/A       1%          4
p - Plasma Beam           Fire/Air       48%        2x1d69    1%          5
r - Searing Ray           Conj           100%       2d8       1%          2

Your spell library contained the following spells:

 Spells                   Type           Power      Damage    Failure   Level
 Scorch                   Fire           100%       2d10      0%          2
 Apportation              Tloc           36%        N/A       1%          1
 Beastly Appendage        Tmut           68%        N/A       1%          1
 Kiss of Death            Conj/Necr      100%       2d13      1%          1
 Magic Dart               Conj           100%       1d8       1%          1
 Necrotise                Necr           72%        1d7       1%          1
 Sandblast                Erth           36%        2d10      1%          1
 Slow                     Hex            72%        N/A       1%          1
 Summon Small Mammal      Summ           100%       N/A       1%          1
 Ensorcelled Hibernation  Hex/Ice        64%        N/A       1%          2
 Passwall                 Tmut/Erth      21%        N/A       1%          2
 Static Discharge         Conj/Air       100%       2-7/arc   1%          2
 Hailstorm                Conj/Ice       50%        3d11      1%          3
 Ignite Poison            Fire/Tmut/Pois 87%        N/A       1%          3
 Kindle Blastsparks       Fire/Tloc/Air  100%       2d18      1%          3
 Stone Arrow              Conj/Erth      70%        3d11      1%          3
 Swiftness                Air            71%        N/A       1%          3
 Flame Wave               Conj/Fire      87%        2d19      1%          4
 Sticky Flame             Conj/Fire      87%        2d10      1%          4
 Blink                    Tloc           36%        N/A       2%          2
 Sublimation of Blood     Necr           18%        N/A       2%          2
 Summon Ice Beast         Ice/Summ       42%        N/A       2%          4
 Iskenderun's Battlesphe  Conj           52%        2d10      2%          5
 Fulminant Prism          Conj/Hex       17%        3d10      3%          4
 Iskenderun's Mystic Bla  Conj/Tloc      35%        2d8       3%          4
 Confusing Touch          Hex            18%        N/A       4%          3
 Portal Projectile        Hex/Tloc       36%        N/A       4%          3
 Tukima's Dance           Hex            18%        N/A       4%          3
 Vampiric Draining        Necr           18%        2d7       4%          3
 Petrify                  Tmut/Erth      26%        N/A       9%          4
 Blade Hands              Tmut           17%        N/A       12%         5
 Metabolic Englaciation   Hex/Ice        16%        N/A       13%         5
 Animate Dead             Necr           18%        N/A       16%         4
 Dispel Undead            Necr           18%        3d11      16%         4
 Manifold Assault         Tloc           18%        N/A       16%         4
 Passage of Golubria      Tloc           18%        N/A       16%         4
 Summon Mana Viper        Hex/Summ       27%        N/A       21%         5
 Alistair's Intoxication  Tmut/Pois      26%        N/A       22%         5
 Yara's Violent Unravell  Hex/Tmut       13%        3d7       22%         5
 Agony                    Necr           18%        N/A       41%         5
 Lee's Rapid Deconstruct  Erth           9%         3d7*      41%         5
 Summon Cactus Giant      Summ           18%        N/A       43%         6
 Simulacrum               Ice/Necr       16%        N/A       56%         6
 Dispersal                Tloc           9%         N/A       91%         6
 Storm Form               Tmut/Air       28%        N/A       36%         7
 Monstrous Menagerie      Summ           18%        N/A       92%         7
 Haunt                    Necr/Summ      13%        N/A       99%         7
 Disjunction              Tloc           9%         N/A       100%        8
 Infestation              Necr           9%         N/A       100%        8
 Chain Lightning          Conj/Air       31%        3d41      100%        9


Dungeon Overview and Level Annotations

Branches:
Dungeon (15/15)            Temple (1/1) D:7            Lair (5/5) D:11
  Swamp (1/4) Lair:3        Snake (3/4) Lair:3        Slime (1/5) Lair:4
    Orc (2/2) D:9             Elf (2/3) Orc:2        Vaults (0/5) D:13
 Depths (0/4) D:15        Ossuary (visited)          Bailey (visited)
  IceCv (visited)         Gauntlet (visited)

Altars:
Ashenzari
Cheibriados
Dithmenos
Elyvilon
Fedhas
Gozag
Hepliaklqana
Kikubaaqudgha
Makhleb
Nemelex Xobeh
Okawaru
Qazlal
Ru
Sif Muna
Trog
Uskayaw
Vehumet
Wu Jian
Xom
Yredelemnul
Zin
The Shining One
Ignis
Jiyva

Shops:
D:4 :   D:6 *   D:11 =   Orc:1 (   Orc:2 ?*(?   Elf:2 ([   Snake:2 (

Portals:
Trove: D:14 (give 7 scrolls of fog)

Annotations:
D:3 3 runed translucent doors, Orangeyouglad's ghost, amateur OgGl
D:10 4 runed translucent doors, cheesebisquit's ghost, journeyman TrFi
D:11 1 runed translucent door
D:12 3 runed translucent doors, Palms's ghost, journeyman OpEE
D:14 2 transporters, Ricoe's ghost, journeyman FoFi
Lair:5 exclusion: obsidian statue
Elf:2 5 runed translucent doors


Innate Abilities, Weirdness & Mutations

You can breathe blasts of scalding, opaque steam.
Your pale cyan-grey scales are hard. (AC +9)
You cannot fit into any form of body armour.
You are cold-blooded and may be slowed by cold attacks.
You are immune to the effects of steam.
You are weak. (Str -2)


Message History

The rockslime is blasted with magical radiation.
The rockslime is lightly wounded.
You are very lightly contaminated with residual magic.
The rockslime completely misses you.
A golden eye comes into view.
Casting: Irradiate (dangerous; 5% risk of failure)
Confirm with . or Enter, or press ? or * to list all spells.
Casting: Ignition (dangerous; 7% risk of failure)
Press: ? - help, Dir - look around, f - activate You feel a surge of power!
You miscast Ignition.
Nothing appears to happen.
The golden eye blinks!
A rockslime comes into view.
The rockslime hits you!!
You are shoved backwards!
Unknown command.
Okay, then.
As you read the scroll of fear, it crumbles to dust.
You assume a fearsome visage.
The rockslime looks frightened!
The rockslime resists with almost no effort.
The rockslime seems to regain its courage.
The golden eye blinks at you. You resist with almost no effort.
You barely miss the rockslime.
The rockslime jiggles.
The rockslime hits you!!!
* * * LOW HITPOINT WARNING * * *
You are shoved backwards!
The golden eye blinks at you. You resist with some effort.
The rockslime hits you but does no damage.
You block the rockslime's attack.
Okay, then.
Okay, then.
You feel better. The rockslime misses you. The rockslime hits you!!
* * * LOW HITPOINT WARNING * * *
You are shoved backwards!
Unknown command.
Okay, then.
You are confused.
You feel invigorated. The rockslime hits you!!
You die...

............. ..#
............
....##...........
.................
#................
#.##...............
.......G..>........
...#...............
#.........@........
.....>..JJ.........
................#..
.......<.......#...
#..##....#.##.## .#
######## ## #


You could see 2 rockslimes and a golden eye.

Vanquished Creatures
  Bai Suzhen (Snake:3)
  Rupert (D:12)
  2 deep elf blademasters (Elf:1)
  2 deep elf master archers (Elf:1)
  An acid blob (Slime:1)
  Frances (Snake:1)
  An azure jelly (Slime:1)
  Aizul (Snake:3)
  Louise (D:15)
  A deep elf sorcerer (Elf:2)
  2 quicksilver oozes (Slime:1)
  A stone giant (D:15)
  4 dire elephants
  A minotaur (Gauntlet)
  4 deep elf annihilators
  A minotaur (shapeshifter) (Elf:1)
  A deep elf death mage (Elf:1)
  An ettin (D:11)
  Josephine (D:10)
  A fire dragon (D:13)
  A deep elf high priest (Elf:1)
  The ghost of baller8008 the Protected, a journeyman MiFi of Okawaru (D:11)
  4 hydras
  Erolcha (D:10)
  A centaur warrior (D:13)
  6 anacondas
  15 two-headed ogres
  4 ogre magi (Orc:2)
  12 dancing weapons
  4 boulder beetles
  A shock serpent (shapeshifter) (Elf:2)
  5 naga warriors
  2 tengu warriors (D:15)
  An orc high priest (Orc:1)
  5 death yaks (Lair:4)
  4 shock serpents
  12 deep elf knights
  Urug (D:12)
  3 skysharks (Lair:5)
  4 naga sharpshooters
  A spectral death yak (Lair:5)
  2 salamander mystics (Snake:2)
  3 skeletal warriors (D:11)
  A goliath frog (Lair:3)
  A spectral anaconda (Lair:5)
  A naga ritualist (Snake:1)
  9 deep elf archers
  The ghost of pigah the Zephyrmancer, a novice OpWn of Gozag (D:6)
  2 wizards
  5 necromancers
  20 deep elf pyromancers
  12 deep elf zephyrmancers
  2 orc knights
  An orc sorcerer (Orc:2)
  A mana viper (Snake:1)
  An ugly thing (D:12)
  5 cyclopes
  2 shining eyes (Slime:1)
  6 salamanders
  11 elephants
  A dire elephant zombie (Lair:5)
  6 manticores
  A smoke demon (Abyss:2)
  14 black mambas
  2 guardian serpents (Snake:3)
  4 naga magi
  5 cane toads
  An ice statue (D:13)
  A torpor snail (Gauntlet)
  A gargoyle (D:13)
  An unseen horror (D:12)
  A rime drake (Lair:5)
  A kobold demonologist (D:10)
  6 komodo dragons
  A yaktaur (D:11)
  A yaktaur (shapeshifter) (D:13)
  4 ice devils (IceCv)
  An ancient zyme (Abyss:2)
  3 freezing wraiths (D:13)
  2 trolls
  A queen bee (Gauntlet)
  A polar bear (Lair:4)
  A meliai (shapeshifter) (D:13)
  Prince Ribbit (Lair:1)
  8 blink frogs
  A spectral elephant (Lair:5)
  8 raiju (Abyss:2)
  25 slime creatures
  2 dire elephant simulacra (IceCv)
  4 water elementals
  14 yaks
  A vampire (D:11)
  5 wraiths
  A human (D:14)
  A small abomination (Abyss:2)
  A basilisk (Lair:2)
  A golden eye (shapeshifter) (Abyss:2)
  2 fire elementals
  9 vampire mosquitoes
  Grum (D:9)
  A death yak simulacrum (Lair:5)
  4 wargs
  24 nagas
  3 acid dragons
  Duvessa (D:7)
  15 water moccasins
  4 ice beasts
  A meliai simulacrum (D:11)
  A swamp drake (Bailey)
  30 orc warriors
  A hornet zombie (D:6)
  A sky beast (D:4)
  2 black bears
  7 centaurs
  7 wolves
  24 ogres
  2 phantoms
  A gnoll sergeant (D:11)
  10 bullfrogs
  2 earth elementals
  5 scorpions
  3 necrophages (Lair:2)
  3 two-headed ogre simulacra
  A water moccasin zombie (Ossuary)
  11 wights
  Dowan (D:7)
  A hornet simulacrum (D:15)
  4 killer bees
  An elephant simulacrum (Lair:5)
  3 electric eels
  2 bullfrog zombies (D:6)
  2 jellies
  3 quasits
  5 centaur zombies
  8 hounds
  8 orc priests
  3 gnoll boudas
  A sleepcap (D:5)
  22 orc wizards
  2 iguanas
  2 troll simulacra
  A spriggan simulacrum (D:11)
  2 killer bee zombies (D:6)
  A wolf simulacrum (IceCv)
  A boggart simulacrum (D:15)
  22 gnolls
  2 naga simulacra
  4 adders
  2 shadow imps
  3 white imps
  5 ufetubi
  5 adder zombies (Ossuary)
  5 worms
  4 dart slugs
  78 orcs
  6 endoplasms
  6 giant cockroaches
  9 gnoll zombies (Ossuary)
  9 goblins
  7 hobgoblins
  4 jackals (D:1)
  5 kobolds
  6 quokkas
  9 ball pythons
  11 bats
  3 frilled lizards
  3 goblin zombies (Ossuary)
  A hobgoblin zombie (Ossuary)
  5 rats
799 creatures vanquished.

Vanquished Creatures (collateral kills)
  A lich (D:11)
  A stone giant (D:11)
  A dire elephant (Lair:5)
  A death knight (D:13)
  A death yak (Lair:4)
  A naga warrior (Snake:3)
  A salamander mystic (Snake:3)
  A swamp dragon (Lair:3)
  A deep elf zephyrmancer (Elf:2)
  A deep elf pyromancer (D:15)
  An orc sorcerer (Orc:1)
  2 salamanders (Snake:3)
  A cyclops (Orc:2)
  2 elephants (Lair:5)
  3 black mambas
  2 cane toads
  A rime drake (Lair:4)
  A komodo dragon (Lair:3)
  A freezing wraith (IceCv)
  3 ice devils (IceCv)
  A polar bear (Lair:5)
  8 blink frogs
  2 spectral elephants (Lair:5)
  3 wraiths
  3 slime creatures (D:12)
  13 yaks
  5 nagas
  2 vampire mosquitoes
  2 wargs (Orc:1)
  2 acid dragons
  A harpy simulacrum (IceCv)
  5 water moccasins
  4 orc warriors
  3 ogres (Orc:2)
  A wolf (Lair:3)
  2 bullfrogs (Lair:1)
  A gnoll sergeant (D:10)
  A two-headed ogre simulacrum (D:11)
  A cane toad simulacrum (Lair:5)
  A necrophage (Lair:2)
  2 killer bees (Gauntlet)
  A vampire bat (Lair:2)
  3 quasits (D:6)
  2 orc priests
  2 iguanas (Lair:3)
  8 orc wizards
  A polar bear simulacrum (IceCv)
  A spriggan simulacrum (D:11)
  A wolf simulacrum (IceCv)
  4 gnolls
  2 naga simulacra (IceCv)
  An ufetubus (IceCv)
  17 orcs
  4 bats (Lair:2)
137 creatures vanquished.

Vanquished Creatures (others)
  A dancing weapon (Elf:1)
  A bloated husk (Swamp:1)
  A swamp worm (Swamp:1)
  2 orc wizards
  An orc (Orc:2)
  24 demonic plants (Gauntlet)
  8 foxfires (IceCv)
  52 fungi
  57 plants
  2 starspawn tentacles (Abyss:2)
  35 withered plants (Lair:5)
184 creatures vanquished.

Grand Total: 1120 creatures vanquished

Notes
Turn   | Place    | Note
-------+----------+-------------------------------------------
     0 | D:1      | oldriver the Draconian Ice Elementalist began the quest for
                  | the Orb.
     0 | D:1      | Reached XP level 1. HP: 14/14 MP: 3/3
   433 | D:1      | Reached XP level 2. HP: 17/20 MP: 0/5
  1427 | D:1      | Reached XP level 3. HP: 23/26 MP: 2/6
  2014 | D:2      | Reached skill level 5 in Ice Magic
  2180 | D:2      | Found a faded altar of an unknown god.
  2258 | D:2      | Prayed at the altar of an unknown god.
  2258 | D:2      | Became a worshipper of Ignis, the Dying Flame
  2338 | D:2      | Learned a level 3 spell: Frozen Ramparts
  2342 | D:2      | Learned a level 3 spell: Ozocubu's Armour
  2605 | D:2      | Reached XP level 4. HP: 28/33 MP: 2/8
  3086 | D:3      | Found an ornate altar of the Wu Jian Council.
  3187 | D:3      | Noticed Orangeyouglad's ghost (amateur OgGl)
  3192 | D:3      | Found an opulent altar of Gozag.
  3318 | D:3      | Found a runed translucent gate.
  3319 | D:3      | Found a runed translucent gate.
  3320 | D:3      | Found a runed translucent gate.
  3690 | D:3      | Reached XP level 5. HP: 39/39 MP: 9/9
  3781 | D:3      | Found a blossoming altar of Fedhas.
  3961 | D:4      | Found a white marble altar of Elyvilon.
  4051 | D:4      | Reached skill level 1 in Fighting
  4052 | D:4      | Identified the +0 robe of Qumior {Int+3}
  4052 | D:4      | Noticed an ogre
  4152 | D:4      | Found a glowing golden altar of the Shining One.
  4308 | D:4      | Found Daweukoh's Book Shoppe.
  4470 | D:4      | Killed an ogre
  4471 | D:4      | Reached XP level 6. HP: 48/48 MP: 3/11
  4837 | D:4      | Noticed a sky beast
  4846 | D:4      | Killed a sky beast
  4962 | D:4      | Your scales start taking on a pale cyan-grey colour.
  4962 | D:4      | Reached XP level 7. HP: 57/57 MP: 10/14
  4962 | D:4      | Gained mutation: You are immune to the effects of steam.
                  | [Pale Draconian growth]
  5007 | D:4      | Learned a level 2 spell: Searing Ray
  5284 | D:5      | Entered Level 5 of the Dungeon
  5325 | D:5      | Reached skill level 5 in Spellcasting
  5421 | D:5      | Reached skill level 1 in Conjurations
  5458 | D:5      | Found a sand-covered staircase.
  5526 | Ossuary  | Entered an ossuary
  6267 | Ossuary  | Noticed a wraith
  6300 | Ossuary  | Killed a wraith
  6301 | Ossuary  | Reached XP level 8. HP: 51/67 MP: 1/16
  6399 | Ossuary  | Noticed a silent spectre
  6821 | D:5      | Found a broken altar of Ashenzari.
  6908 | D:5      | Found an iron altar of Okawaru.
  7009 | D:6      | Found Zin's Purification Station.
  7061 | D:6      | Found a glowing silver altar of Zin.
  7174 | D:6      | Reached skill level 5 in Fighting
  7209 | D:6      | Got the Anthology of the Ego
  7254 | D:6      | Found a transporter.
  7258 | D:6      | Noticed pigah's ghost (novice OpWn)
  7497 | D:6      | Found a basalt altar of Yredelemnul.
  7764 | D:6      | Reached skill level 1 in Ranged Weapons
  7764 | D:6      | Reached XP level 9. HP: 62/74 MP: 16/19
  8028 | D:6      | Found a transporter.
  8139 | D:7      | Found a staircase to the Ecumenical Temple.
  8872 | D:7      | Noticed Duvessa
  8872 | D:7      | Noticed Dowan
  8877 | D:7      | Killed Dowan
  8883 | D:7      | Killed Duvessa
  9032 | D:7      | Found a shimmering blue altar of Sif Muna.
  9469 | D:8      | Reached skill level 10 in Spellcasting
  9587 | D:8      | Reached XP level 10. HP: 83/83 MP: 21/24
  9863 | D:8      | Found a hide-covered altar of Uskayaw.
 10640 | D:4      | Bought a book of Storms for 384 gold pieces
 10988 | D:9      | Found a stormy altar of Qazlal.
 11059 | D:9      | Learned a level 4 spell: Airstrike
 11064 | D:9      | Learned a level 4 spell: Summon Lightning Spire
 11070 | D:9      | Learned a level 5 spell: Plasma Beam
 11072 | D:9      | Found a flagged portal.
 11084 | Bailey   | Entered a bailey
 11107 | Bailey   | Reached skill level 1 in Air Magic
 11581 | Bailey   | Noticed an orc knight
 11600 | Bailey   | Killed an orc knight
 11601 | Bailey   | Reached skill level 5 in Air Magic
 11860 | Bailey   | Acquired the +1 pair of boots "Siyw" {Fly SInv}
 11948 | D:9      | Found a snail-covered altar of Cheibriados.
 12206 | D:9      | Noticed Grum
 12237 | D:9      | Killed Grum
 12727 | D:9      | Found a staircase to the Orcish Mines.
 13069 | D:9      | Found a shadowy altar of Dithmenos.
 13241 | D:10     | Entered Level 10 of the Dungeon
 13275 | D:10     | Found a runed translucent gate.
 13275 | D:10     | Found a runed translucent gate.
 13275 | D:10     | Found a runed translucent gate.
 13276 | D:10     | Noticed cheesebisquit's ghost (journeyman TrFi)
 13392 | D:10     | Noticed Erolcha
 13396 | Abyss:2  | Cast into level 2 of the Abyss (Erolcha)
 13401 | Abyss:2  | Found a corrupted altar of Lugonu.
 13533 | Abyss:2  | Noticed a worldbinder
 13612 | Abyss:2  | Reached XP level 11. HP: 46/89 MP: 23/26
 13614 | Abyss:2  | Noticed a tentacled starspawn
 13618 | Abyss:2  | HP: 4/89 [raiju/living lightning (7)]
 13619 | Abyss:2  | Noticed a deep elf elementalist
 13622 | Abyss:2  | a black bear changed into a harpy
 13622 | Abyss:2  | Noticed a harpy (shapeshifter)
 13707 | Abyss:2  | Noticed a green ugly thing
 13707 | Abyss:2  | Noticed a green very ugly thing
 13707 | Abyss:2  | Noticed a green ugly thing
 13710 | Abyss:2  | Noticed a green ugly thing
 13711 | Abyss:2  | Noticed a green very ugly thing
 13918 | Abyss:2  | Reached skill level 10 in Air Magic
 13925 | D:10     | Escaped the Abyss
 14039 | D:10     | Found a runed translucent door.
 14417 | D:6      | Killed pigah's ghost
 14670 | Orc:1    | Entered Level 1 of the Orcish Mines
 14816 | Orc:1    | Reached skill level 1 in Fire Magic
 14819 | Orc:1    | Reached skill level 1 in Summonings
 14878 | Orc:1    | Noticed an orc high priest
 14925 | D:10     | Noticed Josephine
 14931 | D:10     | Killed Josephine
 14933 | D:10     | Reached skill level 2 in Fire Magic
 15092 | D:10     | Reached skill level 3 in Fire Magic
 15198 | D:10     | Found a sparkling altar of Nemelex Xobeh.
 15217 | D:10     | Killed Erolcha
 15218 | D:10     | Reached skill level 4 in Fire Magic
 15530 | D:10     | Noticed a two-headed ogre
 15571 | D:10     | Killed a two-headed ogre
 16258 | D:10     | Noticed a fire crab
 16402 | D:11     | Found a frozen archway.
 16414 | D:11     | Reached XP level 12. HP: 101/101 MP: 13/27
 16521 | IceCv    | Entered an ice cave
 18559 | IceCv    | Noticed a reaper
 18804 | D:11     | Found Ekyurghua's Jewellery Emporium.
 19461 | D:11     | Noticed a lich
 19461 | D:11     | Noticed baller8008's ghost (journeyman MiFi)
 19463 | D:11     | Noticed a stone giant
 19536 | D:11     | Found a runed translucent door.
 19536 | D:11     | Noticed an ettin
 19541 | D:11     | Found a runed translucent door.
 19550 | D:11     | Found a staircase to the Lair.
 19852 | Lair:1   | Entered Level 1 of the Lair of Beasts
 19918 | Lair:1   | Noticed Prince Ribbit
 19921 | Lair:1   | Killed Prince Ribbit
 21332 | Lair:2   | Reached skill level 5 in Fire Magic
 21743 | Lair:2   | Reached skill level 5 in Dodging
 22650 | Lair:3   | Reached XP level 13. HP: 111/111 MP: 17/28
 23095 | Lair:3   | Reached skill level 6 in Fire Magic
 23332 | Lair:3   | Found a staircase to the Snake Pit.
 23448 | Lair:3   | Found a staircase to the Swamp.
 23599 | Lair:4   | Found a viscous altar of Jiyva.
 23600 | Lair:4   | Found a staircase to the Slime Pits.
 24257 | Lair:4   | Reached skill level 7 in Fire Magic
 24258 | Lair:4   | Reached skill level 10 in Fighting
 24831 | Lair:5   | Entered Level 5 of the Lair of Beasts
 24880 | Lair:5   | Upgraded the game from 0.30-a0-920-g7493c07aab to
                  | 0.30-a0-930-gb9d0489357
 24912 | Lair:5   | Reached skill level 8 in Fire Magic
 24913 | Lair:5   | HP: 3/113 [black mamba (6)]
 25043 | Lair:5   | Found a gate leading to a gauntlet.
 25052 | Gauntlet | Entered a Gauntlet
 25052 | Gauntlet | Found a transporter.
 25052 | Gauntlet | Found a transporter.
 25180 | Gauntlet | Found a transporter.
 25183 | Gauntlet | Found a transporter.
 25183 | Gauntlet | Found a transporter.
 25183 | Gauntlet | Found a transporter.
 25199 | Gauntlet | Found a transporter.
 25201 | Gauntlet | Found a transporter.
 25206 | Gauntlet | Noticed a dire elephant
 25211 | Gauntlet | Found a transporter.
 25317 | Gauntlet | Found a transporter.
 25318 | Gauntlet | Found a transporter.
 25327 | Gauntlet | Found a transporter.
 25713 | Gauntlet | Killed a dire elephant
 25933 | Gauntlet | Noticed a minotaur
 26008 | Gauntlet | Killed a minotaur
 26009 | Gauntlet | Reached skill level 9 in Fire Magic
 26050 | Gauntlet | Got the Volume of Amorphous Ceraunoscopy
 26050 | Gauntlet | Got the Folio of Sandy Battling
 26331 | Lair:5   | Reached skill level 10 in Fire Magic
 27132 | Lair:5   | Noticed a dire elephant
 27132 | Lair:5   | Noticed a dire elephant
 27141 | Lair:5   | Reached XP level 14. HP: 114/121 MP: 9/30
 28960 | D:12     | Noticed Rupert
 28961 | D:12     | Paralysed by Rupert for 4 turns
 28972 | D:12     | Killed Rupert
 28973 | D:12     | Reached skill level 11 in Fire Magic
 29224 | D:12     | Noticed Urug
 29234 | D:12     | Killed Urug
 29852 | D:12     | Found a runed translucent gate.
 29852 | D:12     | Found a runed translucent gate.
 29852 | D:12     | Found a runed translucent gate.
 29858 | D:12     | Noticed Palms's ghost (journeyman OpEE)
 30137 | D:13     | Identified the +0 flail of the Gibberer {heavy, Dex+3}
 30580 | D:13     | Found a gate to the Vaults.
 31336 | D:13     | Learned a level 5 spell: Irradiate
 31618 | D:4      | Bought an Everburning Encyclopedia for 432 gold pieces
 31627 | D:4      | Learned a level 8 spell: Ignition
 31893 | Orc:1    | Paralysed by an orc sorcerer for 4 turns
 32049 | Orc:1    | Found Doppong's Weapon Boutique.
 32207 | Orc:2    | Entered Level 2 of the Orcish Mines
 32614 | Orc:2    | Reached XP level 15. HP: 130/132 MP: 14/32
 32697 | Orc:2    | Reached skill level 12 in Fire Magic
 33060 | Orc:2    | Found a staircase to the Elven Halls.
 33549 | Orc:2    | Found Betuos's Magic Scroll Emporium.
 33549 | Orc:2    | Found Wankev's Antique Weapon Boutique.
 33550 | Orc:2    | Found Jihoow's Assorted Antiques.
 33550 | Orc:2    | Found Wyx Nismu's Magic Scroll Shoppe.
 33913 | Orc:2    | Bought a scroll of acquirement for 728 gold pieces
 33922 | Orc:2    | Acquired the ring of Xom's Whimsicality {Wiz rF- rN+ Dex+4}
 34174 | D:14     | Noticed Ricoe's ghost (journeyman FoFi)
 34174 | D:14     | Found a transporter.
 34190 | D:14     | Found a transporter.
 34427 | D:14     | Found a portal to a secret trove of treasure.
 34727 | D:15     | Entered Level 15 of the Dungeon
 34810 | D:15     | Noticed Louise
 35035 | Snake:1  | Entered Level 1 of the Snake Pit
 35668 | Snake:1  | Noticed Frances
 35674 | Snake:1  | Killed Frances
 36359 | Snake:1  | Reached skill level 10 in Dodging
 36359 | Snake:1  | Reached skill level 13 in Fire Magic
 36773 | Snake:2  | You are sucked into a shaft and drop 1 floor!
 36773 | Snake:3  | Noticed Aizul
 37006 | Snake:3  | Noticed Bai Suzhen
 37413 | Snake:3  | Reached skill level 14 in Fire Magic
 38042 | Snake:2  | Found Wigiyfegg's Antique Weapon Boutique.
 38047 | Snake:2  | Bought a transparent sling for 292 gold pieces
 38047 | Snake:2  | Identified the +6 sling of Vengeance {freeze, Fly rElec rF-
                  | Int-2} (You bought it in a shop on level 2 of the Snake
                  | Pit)
 38133 | Snake:2  | Reached XP level 16. HP: 139/139 MP: 24/34
 38976 | Snake:3  | Reached skill level 15 in Fire Magic
 39195 | Snake:3  | Reached skill level 1 in Transmutations
 39237 | Snake:3  | Killed Aizul
 40052 | Snake:3  | Killed Bai Suzhen
 40053 | Snake:3  | Reached skill level 5 in Conjurations
 40547 | Orc:2    | Bought a faintly glowing dire flail for 243 gold pieces
 40547 | Orc:2    | Identified the +0 dire flail of the Holding Visionary
                  | {speed, *Corrode rF+ Int+4} (You bought it in a shop on
                  | level 2 of the Orcish Mines)
 40694 | D:11     | Killed baller8008's ghost
 40705 | D:11     | Killed a lich
 40889 | D:11     | Identified the +1 quarterstaff "Sudis" {speed, *Rage rElec
                  | Will+ Int+3}
 41018 | D:15     | Killed Louise
 41213 | D:15     | Reached skill level 16 in Fire Magic
 41696 | D:15     | Found a staircase to the Depths.
 42016 | Swamp:1  | Entered Level 1 of the Swamp
 42542 | Elf:1    | Entered Level 1 of the Elven Halls
 42542 | Elf:1    | Found a huge runed gate.
 42542 | Elf:1    | Found a huge runed gate.
 42542 | Elf:1    | Found a huge runed gate.
 42542 | Elf:1    | Found a huge runed gate.
 42542 | Elf:1    | Found a huge runed gate.
 42542 | Elf:1    | Found a huge runed gate.
 42542 | Elf:1    | Found a huge runed gate.
 42542 | Elf:1    | Found a huge runed gate.
 42542 | Elf:1    | Found a huge runed gate.
 42542 | Elf:1    | Found a huge runed gate.
 42543 | Elf:1    | Found a huge runed gate.
 42544 | Elf:1    | Found a huge runed gate.
 42545 | Elf:1    | Found a huge runed gate.
 42546 | Elf:1    | Found a huge runed gate.
 42607 | Elf:1    | Found a huge runed gate.
 42608 | Elf:1    | Found a huge runed gate.
 42608 | Elf:1    | Found a huge runed gate.
 42609 | Elf:1    | Found a huge runed gate.
 42610 | Elf:1    | Found a huge runed gate.
 42611 | Elf:1    | Found a huge runed gate.
 42612 | Elf:1    | Found a huge runed gate.
 42613 | Elf:1    | Found a huge runed gate.
 42614 | Elf:1    | Found a huge runed gate.
 42615 | Elf:1    | Found a huge runed gate.
 42624 | Elf:1    | Found a huge runed gate.
 42624 | Elf:1    | Found a huge runed gate.
 42624 | Elf:1    | Found a huge runed gate.
 42624 | Elf:1    | Found a huge runed gate.
 42624 | Elf:1    | Found a huge runed gate.
 42624 | Elf:1    | Found a huge runed gate.
 42625 | Elf:1    | Found a huge runed gate.
 42626 | Elf:1    | Found a huge runed gate.
 42627 | Elf:1    | Found a huge runed gate.
 42639 | Elf:1    | Found a huge runed gate.
 42639 | Elf:1    | Found a huge runed gate.
 42639 | Elf:1    | Found a huge runed gate.
 43246 | Elf:1    | You are sucked into a shaft and drop 1 floor!
 43848 | Elf:1    | Reached skill level 17 in Fire Magic
 44056 | Elf:1    | Reached skill level 15 in Spellcasting
 44366 | Elf:1    | Reached XP level 17. HP: 134/146 MP: 27/36
 44698 | D:4      | Bought Sif Muna's Compendium of Kinetic Snow for 480 gold
                  | pieces
 44704 | D:4      | Learned a level 5 spell: Fireball
 45345 | Elf:1    | Noticed a deep elf master archer
 45345 | Elf:1    | Noticed a deep elf blademaster
 45345 | Elf:1    | Noticed a deep elf blademaster
 45346 | Elf:1    | Noticed a deep elf master archer
 45346 | Elf:1    | Identified the staff of poison "Yffo Ferph" {rPois Will+
                  | rCorr Int+2 Stlth-}
 45347 | Elf:1    | Reached skill level 1 in Evocations
 45347 | Elf:1    | Killed a deep elf master archer
 45347 | Elf:1    | Killed a deep elf blademaster
 45348 | Elf:1    | Killed a deep elf blademaster
 45349 | Elf:1    | Killed a deep elf master archer
 45943 | Elf:2    | Found Jonuf's Armour Shoppe.
 45948 | Elf:2    | Found Luyps's Antique Weapon Shoppe.
 46091 | Elf:2    | Reached skill level 1 in Shields
 46235 | Elf:2    | Found a huge runed translucent gate.
 46235 | Elf:2    | Found a huge runed translucent gate.
 46246 | Elf:2    | Found a huge runed translucent gate.
 46247 | Elf:2    | Noticed a deep elf blademaster
 46585 | Elf:2    | Found a huge runed translucent gate.
 46585 | Elf:2    | Found a huge runed translucent gate.
 46739 | Temple   | Entered the Ecumenical Temple
 47002 | Slime:1  | Entered Level 1 of the Pits of Slime
 47009 | Slime:1  | Noticed an acid blob
 47011 | Slime:1  | Gained mutation: You are weak. (Str -2) [a shining eye]
 47015 | Slime:1  | Reached skill level 18 in Fire Magic
 47015 | Slime:1  | Killed an acid blob
 47080 | Slime:1  | HP: 3/148 [rockslime (24)]
 47081 | Slime:1  | Demolished by a rockslime

Illustrated notes

Levels and vault maps discovered:
D:1:      lightli_arrival_flooded_house, layout_basic
D:2:      minmay_inner_zag, layout_loops_ring, shapermc_ecumenical_altar_ellora
D:3:      wander_river, layout_rooms, mainiacjoe_overflow_brackets,
          overflow_temple_1_default, grunt_gozag_statues, gammafunk_ghost_icy,
          minmay_misc_feat_enclosed
D:4:      layout_gridville, mainiacjoe_overflow_cross_hatched,
          nicolae_elyvilon_peaceful_grove, serial_shops,
          nicolae_inconvenience_store, minmay_quadrilaterals
D:5:      layout_rooms, amcnicky_altar_gilded, marbit_many_paths,
          enter_ossuary_2
D:6:      layout_rooms, nicolae_yredelemnul_corpse_copse, zin_purify,
          gammafunk_ghost_stat_death
D:7:      layout_loops_ring, kennysheep_orc_sif_temple,
          minmay_temple_entry_trees, uniq_duvessa
D:8:      hellmonk_destroyed_diamonds, layout_loops_ring,
          mainiacjoe_overflow_concentric_impassable, hellmonk_bongcloud_opening,
          minmay_tree_intersection
D:9:      layout_basic, lemuel_round_altar, mainiacjoe_overflow_surrounded_room,
          nicolae_overflow_crystal_walls, erik_orc_3, enter_bailey_7,
          serial_glass, glass_columns_a, glass_columns_a, uniq_grum
D:10:     gammafunk_mikee_crab_dinner, layout_basic, nemelex_altar_shiori,
          gammafunk_ghost_spectres, minmay_fountain_box, uniq_erolcha,
          uniq_josephine
D:11:     layout_irregular_city, grunt_lair_entry_orc_guard_hut,
          muffindrake_ghost_dual_entry, serial_shops, shop,
          portal_ice_cave_entry_ice_simulacra
D:12:     layout_long_grid, gammafunk_ghost_necromancy, uniq_urug, uniq_rupert
D:13:     layout_roguey, david_vaults_4, serial_curves, eino_curves_01,
          eino_curves_01, chequers_serial_rivers_micro_c, minivault_16,
          minmay_misc_feat_four_crosses, nicolae_elevator_lobby_asterisk
D:14:     layout_cave_pools, gammafunk_ghost_berserking_beasts,
          minmay_misc_feat_ornament, nicolae_trove_entry_free_sample,
          grunt_livestock
D:15:     grunt_enter_depths_snipers, layout_loops_ring, uniq_louise
Temple:   hellmonk_temple_of_storms
Lair:1:   layout_chaotic_city, uniq_prince_ribbit2
Lair:2:   layout_roguey, enter_volcano_2, roderic_batcave,
          serial_bayou_lagoon_a, roderic_carrion_pond, grunt_megastairs_2,
          lemuel_fruit_tree, infiniplex_staircase_pool_2
Lair:3:   layout_regular_city, minmay_swamp_entry_reptiles,
          minmay_snake_entry_guardpost_large
Lair:4:   layout_cave_pods, slime_entry_1, grunt_megastairs_4,
          infiniplex_staircase_pool
Lair:5:   due_jungle_book, layout_small_grid, gauntlet_entry_generic,
          chequers_serial_rivers_large_a, serial_bayou_shore_b,
          serial_bayou_shore_b
Swamp:1:  layout_falls_marsh, evilmike_swamp_ruin_house_1
Snake:1:  layout_chambers, uniq_frances
Snake:2:  layout_basic, serial_shops, shop, serial_bayou_pond_a
Snake:3:  layout_cave_town, serial_bayou_shore_b, uniq_aizul, uniq_bai_suzhen
Slime:1:  layout_caves
Orc:1:    layout_caves, serial_shops, nicolae_shop_bloodbath_and_beyond
Orc:2:    st_orc_ogre_mass, layout_caves, minmay_orc_barracks
Elf:1:    layout_gridlike, minivault_28, door_vault
Elf:2:    elven_hall_of_blades_hangedman_alternative
          [nicolae_blade_entry_pointy_end], layout_gridlike,
          minmay_misc_feat_five, minmay_shop_star

Skill      XL: |  1  2  3  4  5  6  7  8  9 10 11 12 13 14 15 16 17 |
---------------+----------------------------------------------------+-----
Ice Magic      | 5 6 |  6.0
Spellcasting   | 3 4 5 7 10 11 12 13 14 15 | 15.0
Dodging        | 2 3 4 5 6 8 10 | 10.0
Fighting       | 2 3 4 5 6 8 9 10 11 12 | 12.7
Stealth        | 2 4 |  4.0
Conjurations   | 2 4 6 7 |  7.3
Ranged Weapons | 1 2 |  2.0
Air Magic      | 8 11 12 14 | 14.0
Fire Magic     | 4 5 10 11 14 17 18 | 18.0
Summonings     | 2 4 |  4.0
Transmutations | 2 3 |  3.4
Evocations     | 4 |  4.0
Shields        | 2 |  2.5

Action                     |  1- 3 |  4- 6 |  7- 9 | 10-12 | 13-15 | 16-18 || total
---------------------------+-------+-------+-------+-------+-------+-------++-------
  Melee: Unarmed           |    23 |     4 |       |       |       |       ||    27
         Tailslap          |     1 |    18 |    46 |     1 |       |     2 ||    68
         Spear             |       |   129 |   207 |       |       |       ||   336
         Punch             |       |     1 |     6 |       |       |       ||     7
         Sling             |       |       |       |     1 |       |       ||     1
         Quarterstaff      |       |       |       |       |       |    19 ||    19
         Staff             |       |       |       |       |       |     1 ||     1
   Fire: Sling             |       |       |   305 |   498 |    94 |       ||   897
   Cast: Freeze            |    77 |    19 |     5 |       |       |     1 ||   102
         Frozen Ramparts   |       |    22 |    73 |    52 |    11 |       ||   158
         Ozocubu's Armour  |       |     3 |     6 |     5 |     5 |       ||    19
         Searing Ray       |       |       |    14 |    10 |       |       ||    24
         Airstrike         |       |       |       |   176 |    88 |    59 ||   323
         Summon Lightning  |       |       |       |    70 |   108 |    27 ||   205
         Plasma Beam       |       |       |       |     7 |   365 |   191 ||   563
         Irradiate         |       |       |       |       |       |     7 ||     7
         Ignition          |       |       |       |       |       |    12 ||    12
 Invoke: Fiery Armour      |       |       |       |     3 |     1 |       ||     4
         Rising Flame      |       |       |       |     1 |       |       ||     1
         Foxfire Swarm     |       |       |       |     1 |       |       ||     1
Ability: Breathe Steam     |       |       |     2 |     7 |       |     1 ||    10
  Evoke: Wand              |       |       |       |     3 |     2 |     2 ||     7
         Condenser vane    |       |       |       |       |     2 |       ||     2
    Use: Scroll            |       |    11 |    13 |    10 |     8 |     4 ||    46
         Potion            |       |     3 |       |    13 |     6 |     9 ||    31
   Stab: Sleeping          |     2 |     2 |     1 |       |       |       ||     5
         Invisible         |       |     2 |       |       |       |       ||     2
         Distracted        |       |     1 |       |       |       |       ||     1
 Armour: Skin              |    26 |    39 |   256 |   210 |   116 |    55 ||   702
  Dodge: Dodged            |    56 |    82 |   510 |   663 |   295 |    83 ||  1689
  Block: Buckler           |       |       |       |       |       |     2 ||     2

Table legend: (Time is in decaauts)
 A = Elapsed time spent in this place.
 B = Non-inter-level travel time spent in this place.
 C = Inter-level travel time spent in this place.
 D = Time resting spent in this place.
 E = Time spent auto-exploring this place.
 F = Levels seen in this place.
 G = Mean time per level.
                   A        B        C        D        E       F      G
               +--------+--------+--------+--------+--------+-----+--------+
         Total |  47574 |  43105 |   4469 |   9813 |  25144 |  36 | 1321.5 |
       Dungeon |  22159 |  19170 |   2989 |   2161 |  13518 |  15 | 1477.3 |
        Temple |     68 |     50 |     18 |      0 |     28 |   1 |   68.0 |
          Lair |   8503 |   7652 |    851 |   1521 |   4893 |   5 | 1700.6 |
         Swamp |     13 |     13 |      0 |      0 |      0 |   1 |   13.0 |
     Snake Pit |   5112 |   4930 |    182 |   1581 |   2466 |   3 | 1704.0 |
    Slime Pits |     28 |     28 |      0 |      0 |      5 |   1 |   28.0 |
  Orcish Mines |   3102 |   2811 |    291 |   1180 |   1098 |   2 | 1551.0 |
   Elven Halls |   3098 |   2964 |    134 |    899 |   1424 |   2 | 1549.0 |
         Abyss |    554 |    554 |      0 |    338 |      5 |   2 |  277.0 |
       Ossuary |    947 |    947 |      0 |     26 |    586 |   1 |  947.0 |
        Bailey |    811 |    811 |      0 |    195 |    414 |   1 |  811.0 |
      Ice Cave |   2058 |   2058 |      0 |   1558 |    224 |   1 | 2058.0 |
      Gauntlet |   1114 |   1114 |      0 |    353 |    483 |   1 | 1114.0 |
               +--------+--------+--------+--------+--------+-----+--------+

Top non-repeatable levels by time:
  Lair:5: 2650 daAuts
 Snake:3: 2529 daAuts
    D:11: 2343 daAuts
    D:10: 2296 daAuts
     D:9: 2164 daAuts
   IceCv: 2058 daAuts
   Orc:2: 1945 daAuts
   Elf:1: 1918 daAuts
     D:1: 1807 daAuts
     D:4: 1753 daAuts
  Lair:3: 1710 daAuts
  Lair:1: 1574 daAuts
     D:8: 1537 daAuts
 Snake:1: 1533 daAuts
     D:6: 1494 daAuts
